 Dungeon Crawl Stone Soup version 0.27.1-1-g398f81649c (webtiles) character file.

Game seed: 6591725960060730298

8586 aster the Carver (level 11, -7/71 HPs)
             Began as a Tengu Monk on Sept 7, 2021.
             Splashed by an acid dragon's acid (14 damage)
             ... on level 9 of the Dungeon.
             The game lasted 00:35:27 (8574 turns).

aster the Carver (Tengu Monk)                       Turns: 8574, Time: 00:35:27

Health: -7/71      AC: -1    Str: 19    XL:     11   Next: 33%
Magic:  12/12      EV: 23    Int: 10    God:
Gold:   565        SH:  0    Dex: 30    Spells: 8/10 levels left

rFire    . . .     SeeInvis .   a - +2 demon blade of Dekyqirch {freeze, Dex+5 Stlth-}
rCold    . . .     Faith    .   (no shield)
rNeg     . . .     Spirit   .   D - +0 steam dragon scales
rPois    .         Reflect  .   (helmet restricted)
rElec    .         Harm     .   (no cloak)
rCorr    .         Rampage  .   g - +0 pair of gloves
Will     .....                  (boots unavailable)
Stlth    ++........             h - amulet of regeneration
HPRegen  1.21/turn              t - +6 ring of dexterity
MPRegen  0.13/turn              s - +6 ring of strength

@: corroded, flying quickly and evasively, quick
A: beak, talons 3, nimble flight
a: no special abilities


You were on level 9 of the Dungeon.
You visited 2 branches of the dungeon, and saw 12 of its levels.

You collected 565 gold pieces.

Inventory:

Hand Weapons
 a - the +2 demon blade of Dekyqirch (weapon) {freeze, Dex+5 Stlth-}
   (You acquired it on level 2 of the Dungeon)

   It freezes those it strikes, dealing additional cold damage.
   It can also slow down cold-blooded creatures.
   Dex:       It affects your dexterity (+5).
   Stlth:     It makes you less stealthy.
 c - a +2 short sword of draining
 e - a +2 short sword of electrocution
 i - a +0 long sword
 p - a +2 great sword
Missiles
 b - a throwing net
 j - 3 javelins
 k - 31 poisoned darts (quivered)
 G - 5 atropa-tipped darts
Armour
 g - a +0 pair of gloves (worn)
 q - a +0 leather armour of willpower
 D - +0 steam dragon scales (worn)
Jewellery
 h - an amulet of regeneration (around neck)
 s - a +6 ring of strength (right hand)
 t - a +6 ring of dexterity (left hand)
 H - a +4 ring of protection
Wands
 m - a wand of flame (39)
 r - a wand of iceblast (8)
 x - a wand of paralysis (22)
Scrolls
 f - 2 scrolls of teleportation
 u - a scroll of acquirement
 v - 2 scrolls of enchant weapon {unknown}
 w - 2 scrolls of fog
 y - a scroll of vulnerability {unknown}
 C - a scroll of enchant armour {unknown}
 E - a scroll of silence
 F - a scroll of identify
Potions
 d - a potion of might
 l - 3 potions of cancellation
 n - a potion of ambrosia
 o - 5 potions of curing
 z - a potion of resistance
 A - a potion of brilliance {unknown}
 B - a potion of haste {unknown}


   Skills:
 + Level 9.3 Fighting
 - Level 14.0 Long Blades
 - Level 3.0 Throwing
 - Level 3.0 Armour
 + Level 7.0 Dodging
 - Level 3.0 Stealth


You had 8 spell levels left.
You knew the following spells:

 Your Spells              Type           Power      Damage    Failure   Level
a - Blink                 Tloc           N/A        N/A       50%         2

Your spell library contained the following spells:

 Spells                   Type           Power      Damage    Failure   Level
 Animate Skeleton         Necr           0%         N/A       36%         1
 Pain                     Necr           0%         1d4       36%         1
 Shock                    Conj/Air       0%         1d3       36%         1
 Summon Small Mammal      Summ           0%         N/A       36%         1
 Static Discharge         Conj/Air       0%         N/A       50%         2
 Call Canine Familiar     Summ           0%         N/A       75%         3
 Inner Flame              Hex/Fire       0%         N/A       75%         3
 Lesser Beckoning         Tloc           0%         N/A       75%         3
 Summon Guardian Golem    Hex/Summ       0%         N/A       75%         3
 Swiftness                Air            0%         N/A       75%         3
 Vampiric Draining        Necr           0%         2d6       75%         3
 Airstrike                Air            0%         N/A       98%         4
 Cause Fear               Hex            0%         N/A       98%         4
 Dispel Undead            Necr           0%         3d6       98%         4
 Sticky Flame             Conj/Fire      0%         2d3       98%         4
 Manifold Assault         Tloc           0%         N/A       100%        5
 Discord                  Hex            0%         N/A       100%        8


Dungeon Overview and Level Annotations

Branches:
Dungeon (11/15)            Temple (1/1) D:6            Lair (0/6) D:8
    Orc (0/2) D:11

Altars:
Cheibriados
Dithmenos
Elyvilon
Fedhas
Gozag
Hepliaklqana
Nemelex Xobeh
Okawaru
Qazlal
Ru
Sif Muna
Trog
Uskayaw
Vehumet
Wu Jian
Xom
Yredelemnul
Zin

Shops:
D:1 *   D:9 (

Annotations:
D:9 Maurice


Innate Abilities, Weirdness & Mutations

You have a beak for a mouth.
You have claws for feet.
Your magical nature lets you fly swiftly and evasively.


Message History

You slash the orc wizard! You freeze the orc wizard.
You kill the orc wizard!
The slime creature jiggles.
You hit the killer bee but do no damage.
Your kick misses the killer bee.
You peck the killer bee, but do no damage.
The killer bee completely misses you.
You riposte.
You slash the killer bee! You freeze the killer bee.
You claw the killer bee, but do no damage.
Your peck misses the killer bee.
The killer bee is severely wounded.
The orc warrior misses you.
You slice the killer bee!! You freeze the killer bee.
You kill the killer bee!
The orc warrior barely misses you.
Your Dodging skill increases to level 7!
You closely miss the acid dragon. You claw the acid dragon.
You peck the acid dragon!
The acid dragon is moderately wounded.
The acid dragon misses you. The acid dragon closely misses you.
You hit the acid dragon but do no damage.
You claw the acid dragon, but do no damage.
You peck the acid dragon, but do no damage.
The acid dragon is moderately wounded.
The orc warrior closely misses you.
You slash the acid dragon! You freeze the acid dragon.
You claw the acid dragon, but do no damage.
You peck the acid dragon, but do no damage.
The acid dragon is severely wounded.
The acid dragon spits acid at you. The splash of acid hits you!
The acid corrodes you!
You are splashed with acid!
* * * LOW HITPOINT WARNING * * *
You see here 2 poisoned darts.
Things that are here:
a +0 scimitar; a +0 plate armour The acid dragon spits acid at you.
The splash of acid hits you!
* * * LOW HITPOINT WARNING * * *
The acid corrodes you!
You are splashed with acid!
You die...

♣♣ # ♣.♣ #.
♣.♣♣ #.♣♣♣
♣♣♣.♣ ....
#♣@)(♣# ♣
##♣'♣##.###D#
♣.♣#..<..#.#
#J#
♣.'..8.)'.#
+o).V≈..#
.♣#..>..#.#
#.#.....#.@
##♣)♣##.#
#.#.....#.#
#.♣.♣.#♣. .♣#
...##.#
#♣.♣.♣# ♣♣.
.$.##.#
#.♣.♣.# ♣
.###.#####


You could see an acid dragon (catching breath).

Vanquished Creatures
  3 two-headed ogres
  Psyche (D:9)
  A yak (D:9)
  2 steam dragons (D:7)
  Menkaure (D:4)
  A water moccasin (D:9)
  An acid dragon (D:6)
  4 sky beasts
  6 orc warriors
  5 necrophages
  4 centaurs
  4 ogres
  2 phantoms
  3 kobold brigands
  5 bullfrogs
  A wyvern zombie (D:8)
  3 scorpions
  9 killer bees
  12 wights
  3 electric eels (D:3)
  8 crimson imps (D:8)
  4 centaur zombies
  2 hounds
  2 jellies
  2 orc priests (D:4)
  3 bullfrog skeletons
  3 centaur skeletons
  2 iguanas
  14 orc wizards
  2 killer bee zombies (D:7)
  A hound zombie (D:5)
  A howler monkey zombie (D:7)
  Robin (D:2)
  7 adders
  3 gnolls (D:5)
  2 shadow imps
  A white imp (D:6)
  An ufetubus (D:5)
  7 worms
  4 dart slugs
  28 orcs
  8 ball pythons
  5 bats
  6 endoplasms
  16 goblins
  9 hobgoblins
  4 jackals (D:4)
  12 kobolds
  4 quokkas
  6 frilled lizards
  5 rats
  A plant (D:3)
245 creatures vanquished.

Vanquished Creatures (others)
  12 plants
12 creatures vanquished.

Grand Total: 257 creatures vanquished

Notes
Turn   | Place    | Note
-------+----------+-------------------------------------------
     0 | D:1      | aster the Tengu Monk began the quest for the Orb.
     0 | D:1      | Reached XP level 1. HP: 14/14 MP: 2/2
    64 | D:1      | Found Icyrhov's General Store.
    87 | D:1      | Reached XP level 2. HP: 14/19 MP: 3/3
   515 | D:1      | Reached XP level 3. HP: 23/23 MP: 4/4
   595 | D:1      | Reached skill level 4 in Long Blades
   887 | D:2      | Found a faded altar of an unknown god.
  1086 | D:2      | Reached XP level 4. HP: 28/28 MP: 5/5
  1483 | D:2      | Identified a scroll of acquirement
  1483 | D:2      | Acquired the +2 demon blade of Dekyqirch {freeze, Dex+5
                  | Stlth-}
  1620 | D:3      | Found a transporter.
  1684 | D:3      | Found a shimmering blue altar of Sif Muna.
  1712 | D:3      | Noticed Robin
  1729 | D:2      | Killed Robin
  1763 | D:3      | Gained mutation: Your magical nature lets you fly swiftly
                  | and evasively. [Tengu growth]
  1763 | D:3      | Reached XP level 5. HP: 32/33 MP: 6/6
  2170 | D:3      | Found an opulent altar of Gozag.
  2319 | D:3      | Found a transporter.
  2357 | D:3      | Found an ornate altar of the Wu Jian Council.
  2617 | D:4      | Reached skill level 1 in Armour
  2728 | D:4      | Reached skill level 5 in Long Blades
  2777 | D:4      | Reached XP level 6. HP: 38/38 MP: 7/7
  2786 | D:4      | Reached skill level 6 in Long Blades
  2807 | D:4      | Found an iron altar of Okawaru.
  2957 | D:4      | Reached XP level 7. HP: 43/43 MP: 8/8
  2981 | D:4      | Noticed Menkaure
  2987 | D:4      | Killed Menkaure
  2988 | D:4      | Reached skill level 7 in Long Blades
  3506 | D:5      | Entered Level 5 of the Dungeon
  3539 | D:5      | Reached skill level 8 in Long Blades
  3641 | D:5      | Learned a level 2 spell: Blink
  3718 | D:5      | Reached XP level 8. HP: 7/48 MP: 9/9
  3770 | D:5      | Reached skill level 9 in Long Blades
  4160 | D:5      | You are sucked into a shaft and drop 3 floors!
  4241 | D:7      | Reached skill level 5 in Fighting
  4376 | D:5      | Reached skill level 10 in Long Blades
  4569 | D:6      | Reached XP level 9. HP: 52/54 MP: 10/10
  4585 | D:6      | Reached skill level 1 in Throwing
  4693 | D:6      | Found a staircase to the Ecumenical Temple.
  4702 | Temple   | Entered the Ecumenical Temple
  4872 | D:6      | Reached skill level 11 in Long Blades
  5602 | D:7      | Reached skill level 12 in Long Blades
  5888 | D:7      | Reached XP level 10. HP: 60/60 MP: 11/11
  6305 | D:7      | Reached skill level 5 in Dodging
  7012 | D:3      | Reached skill level 13 in Long Blades
  7239 | D:8      | Found a stormy altar of Qazlal.
  7296 | D:8      | Noticed a two-headed ogre
  7388 | D:8      | Killed a two-headed ogre
  7406 | D:8      | Found a shadowy altar of Dithmenos.
  7506 | D:8      | Noticed a two-headed ogre
  7514 | D:8      | Killed a two-headed ogre
  7592 | D:8      | Found a staircase to the Lair.
  7677 | D:8      | Reached skill level 14 in Long Blades
  8060 | D:8      | Identified the +1 shortbow "Eholiw" {vorpal, +Blink Int+3
                  | Stlth+}
  8126 | D:9      | You are sucked into a shaft and drop 2 floors!
  8165 | D:10     | Entered Level 10 of the Dungeon
  8177 | D:10     | Reached XP level 11. HP: 65/68 MP: 12/12
  8186 | D:9      | Noticed Psyche
  8197 | D:9      | Killed Psyche
  8237 | D:9      | Noticed Maurice
  8263 | D:9      | Found Soyhib's Antique Weapon Shoppe.
  8495 | D:9      | Noticed a two-headed ogre
  8508 | D:9      | Killed a two-headed ogre
  8574 | D:9      | Splashed by an acid dragon's acid

Illustrated notes

Levels and vault maps discovered:
D:1:      nzn_arrival_settlement, layout_basic, serial_shops, shop_statue,
          minmay_vboxes
D:2:      layout_basic, ebering_ecumenical_altar_petrified
D:3:      gammafunk_steamed_eel, layout_basic, nzn_wu_jian_contemplation,
          mainiacjoe_overflow_boulevard, nicolae_gozag_seed_capital,
          serial_co_window_serial, co_window_paths_b,
          co_window_of_opportunity_a, co_window_corner_a, co_window_paths_b,
          co_window_corner_a, co_window_cross_1, co_window_corner_a,
          co_window_broadway_c, co_window_of_opportunity_b, co_window_corner_b,
          co_window_corner_cb, glass_columns_a, glass_columns_a,
          glass_columns_a, serial_bayou_pond_b, nrook_mini_vaults, uniq_robin
D:4:      layout_basic, mainiacjoe_overflow_tiny_flanked, uniq_menkaure
D:5:      minmay_angry_zag, layout_loops_ring, feat_on_display
D:6:      layout_basic, minmay_temple_entry_butterflies
D:7:      layout_layer_cave, serial_undead, serial_undead_f, serial_undead_b,
          serial_undead_a, serial_undead_e, minmay_a_box_with_orc_wizards_in_it
D:8:      layout_cave_pods, lemuel_doored_altar,
          mainiacjoe_overflow_six_doors_small, lair_entry_dummy,
          minmay_nine_imps
D:9:      nzn_winding_woodlands_stair_cross [nzn_winding_woodlands_5x15_jagged,
          nzn_winding_woodlands_center_diamonds,
          nzn_winding_woodlands_5x15_parted,
          nzn_winding_woodlands_5x5_perimeter,
          nzn_winding_woodlands_5x5_checkerboard,
          nzn_winding_woodlands_5x15_cabin, nzn_winding_woodlands_center_garden,
          nzn_winding_woodlands_5x15_sidewinder], layout_rooms,
          kiku_gazebo_garden_becter, serial_curves, eino_curves_02,
          eino_curves_03, serial_shops, nicolae_shop_statue_plus, uniq_psyche,
          uniq_maurice, uniq_harold
D:10:     minmay_the_grid_triangle_9x9_recursive_2_mashed
          [minmay_the_grid_triangle_9x9_prize_center,
          minmay_the_grid_triangle_9x9_intruding_spiral,
          minmay_the_grid_triangle_9x9_flanged_cone,
          minmay_the_grid_triangle_9x9_minimal], layout_cross,
          gammafunk_temple_overflow_wave, nicolae_tso_carved_into_rock,
          enter_bailey_5
D:11:     layout_loops_cross, minmay_orc_entry_guard_dogs
Temple:   minmay_temple_bridge_abc

Skill      XL: |  1  2  3  4  5  6  7  8  9 10 11 |
---------------+----------------------------------+-----
Long Blades    | 4 5 6 8 10 12 14 | 14.0
Stealth        | 3 |  3.0
Armour         | 1 2 3 |  3.0
Fighting       | 4 5 6 7 9 |  9.3
Dodging        | 4 5 7 |  7.0
Throwing       | 2 3 |  3.0

Action                   |  1- 3 |  4- 6 |  7- 9 | 10-12 || total
-------------------------+-------+-------+-------+-------++-------
Melee: Falchion          |    11 |       |       |       ||    11
       Kick              |     9 |    26 |    84 |    91 ||   210
       Peck              |     5 |    16 |    56 |    60 ||   137
       Short sword       |    40 |     7 |       |       ||    47
       Demon blade       |       |    87 |   182 |   156 ||   425
Throw: Dart              |       |       |    15 |     9 ||    24
  Use: Scroll            |       |     7 |     7 |     1 ||    15
       Potion            |       |       |     3 |     1 ||     4
 Stab: Sleeping          |     9 |     4 |     3 |     1 ||    17
       Invisible         |       |       |     3 |     1 ||     4
       Distracted        |       |       |     1 |       ||     1
Armor: Robe              |     2 |     3 |       |       ||     5
       Leather armour    |       |     6 |    15 |     2 ||    23
       Steam dragon scal |       |       |       |     6 ||     6
Dodge: Dodged            |    22 |    47 |   100 |   106 ||   275
       Rpst.: Falchion   |     2 |       |       |       ||     2
       Demon blade       |       |    16 |    31 |    25 ||    72
